 Dungeon Crawl Stone Soup version 0.26.1-11-gd32895ea62 (webtiles) character file.

Game seed: 10650862100104997814

21 promet the Caller (level 2, 0/19 HPs)
             Began as a Merfolk Summoner on June 24, 2021.
             Slain by an adder (2 damage)
             ... on level 2 of the Dungeon.
             The game lasted 00:06:54 (1260 turns).

promet the Caller (Merfolk Summoner)                Turns: 1260, Time: 00:06:55

Health: 0/19       AC:  2    Str:  6 (8)  XL:     2   Next: 87%
Magic:  3/5        EV: 12    Int: 12 (14) God:
Gold:   35         SH:  0    Dex: 11 (14) Spells: 4/5 levels left

rFire    . . .     SeeInvis .   g - +0 hand axe (vorpal)
rCold    . . .     Faith    .   (no shield)
rNeg     . . .     Spirit   .   e - +0 robe
rPois    .         Reflect  .   (no helmet)
rElec    .         Harm     .   (no cloak)
rCorr    .         Rampage  .   (no gloves)
Will     .....                  (no boots)
Stlth    ++........             (no amulet)
HPRegen  0.06/turn              (no ring)
MPRegen  0.09/turn              (no ring)

@: lethally poisoned (0 -> -8)
A: change form in water, swift swim, stealthy swim
a: no special abilities


You were on level 2 of the Dungeon.
You visited 1 branch of the dungeon, and saw 2 of its levels.

You collected 35 gold pieces.

Inventory:

Hand Weapons
 a - a +0 short sword
 g - a +0 vorpal hand axe (weapon)
Missiles
 d - 24 arrows
 f - 18 stones (quivered)
Armour
 b - a +0 pair of boots
 e - a +0 robe (worn)
Scrolls
 h - 2 scrolls of identify
Potions
 c - 2 potions of lignification


   Skills:
 + Level 0.4 Short Blades
 + Level 2.7 Dodging
 + Level 2.2 Stealth
 + Level 2.1 Spellcasting
 * Level 4.6 Summonings


You had 4 spell levels left.
You knew the following spells:

 Your Spells              Type           Power        Failure   Level
a - Summon Small Mammal   Summ           48%          4%          1

Your spell library contained the following spells:

 Spells                   Type           Power        Failure   Level
 Call Imp                 Summ           12%          6%          2
 Call Canine Familiar     Summ           12%          12%         3
 Summon Guardian Golem    Hex/Summ       6%           30%         3
 Summon Ice Beast         Ice/Summ       6%           71%         4
 Summon Lightning Spire   Summ/Air       6%           71%         4


Dungeon Overview and Level Annotations

Branches:
Dungeon (2/15)

Altars:


Message History

Really quaff the potion of lignification? [Y]es or [N]o only, please.
Really quaff the potion of lignification? [Y]es or [N]o only, please.
Really quaff the potion of lignification? [Y]es or [N]o only, please.
Really quaff the potion of lignification?
Okay, then.
Casting: Summon Small Mammal (safe; 4% risk of failure)
Confirm with . or Enter, or press ? or * to list all spells.
* * * LOW HITPOINT WARNING * * *
You feel sick. The adder bites you.
* * * LOW HITPOINT WARNING * * *
You are more poisoned.
The adder poisons you! The kobold misses you.
Casting: Summon Small Mammal (safe; 4% risk of failure)
Confirm with . or Enter, or press ? or * to list all spells.
* * * LOW HITPOINT WARNING * * *
You feel sick. The adder bites you.
You die...

##.........
#.........#
#..........
#..........
#..........
#..r......#
########.rK......
#........@S.....#
#..†....####.####
#...<...#
########.... .##.
.. ###


You could see an adder, a kobold and 2 friendly rats.

Vanquished Creatures
  A dart slug (D:1)
  A leopard gecko (D:1)
  2 bats
  4 goblins (D:1)
  A frilled lizard (D:2)
  2 kobolds (D:1)
  A rat (D:1)
12 creatures vanquished.

Vanquished Creatures (collateral kills)
  3 bats (D:1)
  2 hobgoblins (D:1)
  A kobold (D:1)
  A frilled lizard (D:1)
  3 goblins (D:1)
  A rat (D:1)
11 creatures vanquished.

Grand Total: 23 creatures vanquished

Notes
Turn   | Place    | Note
-------+----------+-------------------------------------------
     0 | D:1      | promet the Merfolk Summoner began the quest for the Orb.
     0 | D:1      | Reached XP level 1. HP: 13/13 MP: 3/3
   262 | D:1      | Reached XP level 2. HP: 19/19 MP: 0/5
  1260 | D:2      | Slain by an adder

Illustrated notes

Levels and vault maps discovered:
D:1:      denvon_arrival_waterhouse, layout_loops_ring, serial_rivers,
          chequers_serial_rivers_small_a, chequers_serial_rivers_small_3,
          chequers_serial_rivers_large_a, chequers_serial_rivers_micro_e,
          chequers_serial_rivers_micro_c, chequers_serial_rivers_small_3
D:2:      layout_rooms, serial_park_tiny_2, chequers_serial_rivers_small_b,
          uniq_natasha, uniq_robin

Action                   || total
-------------------------++-------
Melee: Short sword       ||    21
       Hand axe          ||    11
Throw: Stone             ||     1
 Cast: Summon Small Mamm ||    34
  Use: Scroll            ||     5
       Potion            ||     5
 Stab: Sleeping          ||     2
Armor: Robe              ||     9
Dodge: Dodged            ||    31
